 Dungeon Crawl Stone Soup version 0.28.0-53-g5a82cb258f (webtiles) character file.

Game seed: 9690015527627980544

7387 gobodom the Ducker (level 10, 0/112 HPs)
             Began as a Demonspawn Gladiator on June 7, 2022.
             Was a Believer of Vehumet.
             Killed by vampiric draining
             ... invoked by a vampire
              (9 damage)
             ... in a bailey.
             The game lasted 01:35:36 (9593 turns).

gobodom the Ducker (Demonspawn Gladiator)           Turns: 9593, Time: 01:35:37

Health: 0/112      AC: 29    Str: 16    XL:     10   Next: 92%
Magic:  9/16       EV:  2    Int: 14    God:    Vehumet [**....]
Gold:   349        SH:  0    Dex: 15    Spells: 10/17 levels left

rFire   + . .      SeeInvis .   i - +2 dagger (venom)
rCold   . . .      Faith    .   (no shield)
rNeg    . . .      Spirit   .   (armour currently unavailable)
rPois   +          Reflect  .   (helmet currently unavailable)
rElec   .          Harm     .   (cloak currently unavailable)
rCorr   +          Rampage  .   (gloves currently unavailable)
Will    .....      NoTele   +   (boots currently unavailable)
Stlth   +++.......              B - amulet "Ywyafoent" {RegenMP rF+ rCorr Str-4 Int+4 Stlth+}
HPRegen 1.08/turn               a - +4 ring of protection
MPRegen 0.55/turn               (no ring)

@: tree-form
A: stationary, stasis, torment immunity, boosted hp, rugged brown scales 1,
powered by death 2, (demonic touch 2), regeneration 1, (shaggy fur 1), strong 1
a: Renounce Religion


You were in a bailey.
You worshipped Vehumet.
Vehumet was pleased with you.
You were a tree.
You visited 1 branch of the dungeon, and saw 9 of its levels.
You also visited: Bailey.

You collected 433 gold pieces.
You spent 84 gold pieces at shops.

Inventory:

Hand Weapons
 b - a +4 quarterstaff of chaos
 g - a +4 battleaxe of freezing
 h - a +0 whip of electrocution
 i - a +2 dagger of venom (weapon)
 m - a +2 mace of protection
 n - a +2 vorpal spear
 o - a +0 dagger of draining
 t - a +4 short sword
 x - a +4 war axe
 y - a +2 hand axe
 A - a +2 flail of protection
Missiles
 p - 2 throwing nets
 s - 22 poisoned darts (quivered)
 u - 3 curare-tipped darts
 w - 6 silver javelins
 I - 4 atropa-tipped darts
Armour
 c - a +0 helmet (melded)
 d - a +2 cloak (melded)
 e - a +3 leather armour of poison resistance (melded)
 D - a +1 chain mail of cold resistance
 E - a +1 robe of willpower
 J - +0 steam dragon scales
 L - a +2 pair of boots of flying (melded)
Magical Staves
 r - a staff of cold
Jewellery
 a - a +4 ring of protection (left branch)
 B - the amulet "Ywyafoent" (around neck) {RegenMP rF+ rCorr Str-4 Int+4 Stlth+}
   (You found it on level 8 of the Dungeon)

   [amulet of magic regeneration]

   It increases your rate of magic regeneration.
   Str:       It affects your strength (-4).
   Int:       It affects your intelligence (+4).
   rF:        It protects you from fire.
   rCorr:     It protects you from acid and corrosion.
   Stlth:     It makes you more stealthy.
Wands
 v - a wand of acid (5)
 F - a wand of flame (12)
Scrolls
 l - a scroll of torment
 z - 2 scrolls of teleportation
 C - 2 scrolls of fog
 G - 2 scrolls of noise
Potions
 j - 2 potions of mutation
 k - a potion of magic
 q - a potion of lignification
Miscellaneous
 K - a phantom mirror


   Skills:
 + Level 4.9 Fighting
 * Level 5.7 Short Blades
 + Level 3.8(4.9) Axes
 - Level 4.8(5.8) Maces & Flails
 + Level 2.5(4.0) Staves
 + Level 3.8 Throwing
 + Level 4.4 Armour
 + Level 6.9 Dodging
 + Level 3.2 Stealth
 + Level 1.7 Shields
 + Level 4.4 Spellcasting
 + Level 1.0 Conjurations
 + Level 3.4 Hexes
 + Level 4.2 Ice Magic
 + Level 0.8 Air Magic


You had 10 spell levels left.
You knew the following spells:

 Your Spells              Type           Power      Damage    Failure   Level
a - Ensorcelled Hibernat  Hex/Ice        26%        N/A       6%          2
b - Freeze                Ice            60%        1d8       3%          1
c - Static Discharge      Conj/Air       5%         N/A       19%         2
d - Blink                 Tloc           6%         N/A       28%         2

Your spell library contained the following spells:

 Spells                   Type           Power      Damage    Failure   Level
 Stone Arrow              Conj/Erth      8%         3d7       41%         3
 Dazzling Flash           Conj/Hex       18%        N/A       22%         3
 Portal Projectile        Hex/Tloc       14%        N/A       28%         3
 Call Canine Familiar     Summ           3%         N/A       50%         3
 Lesser Beckoning         Tloc           3%         N/A       50%         3
 Spider Form              Tmut/Pois      3%         N/A       50%         3
 Anguish                  Hex/Necr       3%         N/A       67%         4
 Leda's Liquefaction      Hex/Erth       3%         N/A       67%         4
 Silence                  Hex/Air        4%         N/A       91%         5
 Agony                    Necr           3%         N/A       99%         5
 Manifold Assault         Tloc           3%         N/A       99%         5


Dungeon Overview and Level Annotations

Branches:
Dungeon (9/15)             Temple (0/1) D:5          Bailey (1/1)
   Lair: D:8-11         Orc: D:9-12

Altars:
Cheibriados
Nemelex Xobeh
Vehumet
The Shining One

Shops:
D:1 :   D:7 ?   D:8 ?


Innate Abilities, Weirdness & Mutations

You are a tree.
Your roots penetrate the ground, keeping you stationary.
You cannot be teleported.
You are immune to unholy pain and torment.
Your maximum health is greatly increased.
Your equipment is partially melded.
(You are partially covered in rugged brown scales. (AC +1, +3% HP))
You regenerate health from kills.
((Your touch may inflict irresistible damage on your foes.))
Your natural rate of healing is unusually fast.
((You are covered in fur. (AC +1)))
Your muscles are strong. (Str +2)


Message History

Your +2 pair of boots of flying melds into your body.
Your +3 leather armour of poison resistance melds into your body.
You float gracefully downwards.
You no longer feel resistant to poison.
Your roots penetrate the ground.
Something hits you!
* * * LOW HITPOINT WARNING * * *
Something bites you but does no damage.
Unknown command.
You cannot move.
Casting: Static Discharge (safe; 19% risk of failure)
Confirm with . or Enter, or press ? or * to list all spells.
You can't see any susceptible monsters within range! (Use Z to cast anyway.)
Casting: Static Discharge (safe; 19% risk of failure)
Confirm with . or Enter, or press ? or * to list all spells.
Something is struck by an arc of lightning.
The lightning grounds out.
Something hits you but does no damage. Something bites you but does no damage.
Casting: Static Discharge (safe; 19% risk of failure)
Confirm with . or Enter, or press ? or * to list all spells.
Something is struck by an arc of lightning.
The lightning grounds out.
Something hits you but does no damage. Something bites you but does no damage.
Casting: Static Discharge (safe; 19% risk of failure)
Confirm with . or Enter, or press ? or * to list all spells.
Something is struck by an arc of lightning!
The lightning grounds out.
Something hits you.
* * * LOW HITPOINT WARNING * * *
Something bites you but does no damage.
Casting: Static Discharge (safe; 19% risk of failure)
Confirm with . or Enter, or press ? or * to list all spells.
Something is struck by an arc of lightning.
The lightning grounds out.
A vampire appears from thin air!
Reactivating autopickup.
The vampire mumbles some strange words.
The vampire flickers and vanishes!
Deactivating autopickup; reactivate with Ctrl-A.
Casting: Static Discharge (safe; 19% risk of failure)
Confirm with . or Enter, or press ? or * to list all spells.
Something is struck by an arc of lightning.
The lightning grounds out.
Something draws life force from you!
You die...

####+#......#.........#
#8....##...##''###
#######...##....##
#..).....##......##
#8......8#...##...#
##########..####..#
#..####..# #8..##..8#
##♣!..!|## ##{[!8##
######


There were no monsters in sight!

Vanquished Creatures
  Harold (D:8)
  A two-headed ogre (D:5)
  A deep elf pyromancer (D:8)
  The ghost of Zeld the Magician, a novice DrTm of Gozag (D:5)
  A gargoyle (Bailey)
  Grinder (D:3)
  Sigmund (D:3)
  A yak (D:8)
  3 steam dragons
  Edmund (D:6)
  4 water moccasins
  4 orc warriors
  2 ice beasts (D:7)
  A sky beast (D:6)
  4 ogres
  3 centaurs
  A kobold brigand (D:9)
  A gnoll sergeant (D:8)
  5 bullfrogs
  4 scorpions (D:5)
  A wyvern skeleton (D:5)
  A water moccasin zombie (D:4)
  5 wights (D:6)
  7 vampire bats (Bailey)
  4 wolf zombies (Bailey)
  A jelly (D:6)
  2 centaur zombies
  3 lava snakes (D:9)
  2 hounds
  2 orc priests
  Crazy Yiuf (D:3)
  A bullfrog skeleton (D:7)
  2 iguanas
  11 orc wizards
  A scorpion zombie (D:5)
  A howler monkey zombie (D:9)
  8 gnolls
  5 adders
  2 shadow imps
  A white imp (D:8)
  2 ufetubi
  A worm (D:5)
  3 dart slugs
  18 orcs
  5 bats
  5 endoplasms
  3 giant cockroaches
  14 goblins
  5 hobgoblins
  2 jackals (D:2)
  11 kobolds
  4 quokkas
  4 ball pythons
  10 frilled lizards
  17 orc zombies (Bailey)
  5 rats
211 creatures vanquished.

Vanquished Creatures (collateral kills)
  A water moccasin (D:7)
1 creature vanquished.

Vanquished Creatures (others)
  A sky beast (D:6)
  A gnoll (D:6)
  An adder (D:6)
  6 plants (D:2)
9 creatures vanquished.

Grand Total: 221 creatures vanquished

Notes
Turn   | Place    | Note
-------+----------+-------------------------------------------
     0 | D:1      | gobodom the Demonspawn Gladiator began the quest for the
                  | Orb.
     0 | D:1      | Reached XP level 1. HP: 16/16 MP: 1/1
   267 | D:1      | Gained mutation: You are agile. (Dex +2) [potion of
                  | mutation]
   267 | D:1      | Gained mutation: You are somewhat resistant to further
                  | mutation. [potion of mutation]
   268 | D:1      | Lost mutation: You are agile. (Dex +2) [potion of mutation]
   268 | D:1      | Lost mutation: You are somewhat resistant to further
                  | mutation. [potion of mutation]
   268 | D:1      | Gained mutation: You are covered in fur. (AC +1) [potion of
                  | mutation]
   268 | D:1      | Gained mutation: Your muscles are strong. (Str +2) [potion
                  | of mutation]
   268 | D:1      | Gained mutation: Your natural rate of healing is unusually
                  | fast. [potion of mutation]
   320 | D:1      | Reached skill level 3 in Dodging
   320 | D:1      | Gained mutation: Your touch may inflict minor irresistible
                  | damage on your foes. [demonic ancestry]
   320 | D:1      | Reached XP level 2. HP: 22/22 MP: 2/2
   521 | D:1      | Found Ishuro's Book Shoppe.
   778 | D:2      | Gained mutation: You regenerate a little health from kills.
                  | [demonic ancestry]
   778 | D:2      | Reached XP level 3. HP: 27/27 MP: 3/3
  1114 | D:2      | Reached XP level 4. HP: 33/33 MP: 4/4
  1918 | D:2      | Found a faded altar of an unknown god.
  2245 | D:3      | Noticed a bullfrog
  2245 | D:3      | Noticed Sigmund
  2270 | D:3      | Killed a bullfrog
  2271 | D:3      | Reached skill level 1 in Armour
  2271 | D:3      | Gained mutation: You regenerate health from kills. [demonic
                  | ancestry]
  2271 | D:3      | Reached XP level 5. HP: 12/38 MP: 5/5
  2345 | D:3      | Reached skill level 1 in Short Blades
  2509 | D:3      | Found a sparkling altar of Nemelex Xobeh.
  2919 | D:3      | Killed Sigmund
  2920 | D:3      | Reached XP level 6. HP: 28/46 MP: 6/6
  2979 | D:3      | Noticed Grinder
  2987 | D:3      | Paralysed by Grinder for 4 turns
  2998 | D:3      | Killed Grinder
  2999 | D:3      | Reached skill level 4 in Dodging
  2999 | D:3      | Reached skill level 1 in Stealth
  2999 | D:3      | Reached skill level 1 in Shields
  2999 | D:3      | Gained mutation: You are partially covered in rugged brown
                  | scales. (AC +1, +3% HP) [demonic ancestry]
  2999 | D:3      | Reached XP level 7. HP: 20/52 MP: 7/7
  3155 | D:3      | Found a runed translucent door.
  3156 | D:3      | Noticed Crazy Yiuf
  3167 | D:3      | Killed Crazy Yiuf
  3914 | D:5      | Entered Level 5 of the Dungeon
  3985 | D:5      | Found a radiant altar of Vehumet.
  4073 | D:5      | Reached skill level 1 in Staves
  4111 | D:5      | Became a worshipper of Vehumet
  4241 | D:5      | Reached XP level 8. HP: 49/58 MP: 8/8
  4345 | D:5      | Learned a level 2 spell: Ensorcelled Hibernation
  4391 | D:5      | Found a runed translucent gate.
  4392 | D:5      | Found a runed translucent gate.
  4395 | D:5      | Found a runed translucent gate.
  4396 | D:5      | Noticed Zeld's ghost (novice DrTm)
  4396 | D:5      | Noticed a two-headed ogre
  4726 | D:5      | Found a staircase to the Ecumenical Temple.
  4850 | D:5      | Reached skill level 1 in Ice Magic
  4854 | D:5      | Reached skill level 1 in Maces & Flails
  5067 | D:5      | Killed Zeld's ghost
  5068 | D:5      | Reached skill level 1 in Spellcasting
  5068 | D:5      | Reached skill level 1 in Hexes
  5076 | D:5      | Killed a two-headed ogre
  5077 | D:5      | Gained mutation: Your touch may inflict irresistible damage
                  | on your foes. [demonic ancestry]
  5077 | D:5      | Reached XP level 9. HP: 64/66 MP: 8/12
  5356 | D:6      | Noticed Edmund
  5782 | D:7      | Found a snail-covered altar of Cheibriados.
  5839 | D:7      | Reached skill level 5 in Dodging
  6089 | D:7      | Found Quich's Magic Scroll Shop.
  6216 | D:6      | Reached * piety under Vehumet
  6216 | D:6      | Offered knowledge of Freeze by Vehumet.
  6219 | D:6      | Learned a level 1 spell: Freeze
  6539 | D:6      | Killed Edmund
  6540 | D:6      | Reached XP level 10. HP: 56/75 MP: 14/14
  7199 | D:7      | Bought a scroll of noise for 12 gold pieces
  7199 | D:7      | Bought a scroll of identify for 24 gold pieces
  7199 | D:7      | Bought a scroll of identify for 24 gold pieces
  7199 | D:7      | Bought a scroll of fog for 24 gold pieces
  7372 | D:8      | Identified the amulet "Ywyafoent" {RegenMP rF+ rCorr Str-4
                  | Int+4 Stlth+}
  7482 | D:8      | Noticed a deep elf pyromancer
  7534 | D:8      | Killed a deep elf pyromancer
  7535 | D:8      | Reached skill level 6 in Dodging
  8127 | D:8      | Noticed Harold
  8237 | D:8      | Found Caifraec's Magic Scroll Shop.
  8389 | D:8      | Killed Harold
  8390 | D:8      | Reached skill level 5 in Short Blades
  8798 | D:9      | Offered knowledge of Static Discharge by Vehumet.
  8804 | D:9      | Learned a level 2 spell: Static Discharge
  8807 | D:9      | Learned a level 2 spell: Blink
  8924 | D:9      | Reached ** piety under Vehumet
  9072 | D:9      | Found a flagged portal.
  9088 | Bailey   | Entered a bailey
  9415 | Bailey   | Offered knowledge of Stone Arrow by Vehumet.
  9486 | Bailey   | Noticed a gargoyle
  9495 | Bailey   | Killed a gargoyle
  9496 | Bailey   | Reached skill level 1 in Conjurations
  9588 | Bailey   | HP: 4/112 [something (9)]
  9593 | Bailey   | Killed from afar by a vampire

Illustrated notes

Levels and vault maps discovered:
D:1:      wander_arrival_lonely_grave, layout_basic, serial_shops,
          nicolae_shop_statue_plus
D:2:      layout_loops_ring, shapermc_ecumenical_altar_mp_highgroup,
          serial_co_window_serial, co_window_of_opportunity_a,
          co_window_paths_b, co_window_cross_1, co_window_corner_a,
          co_window_of_opportunity_a, co_window_corner_a, co_window_paths_b,
          co_window_of_opportunity_b, co_window_broadway_b, co_window_paths_c,
          co_window_corner_b, co_window_broadway_c, co_window_paths_c,
          co_window_paths_e, glass_columns_a, glass_columns_c, glass_columns_a,
          minmay_lizard_king
D:3:      minmay_wonky_spiral, layout_loops_cross, lemuel_doored_altar,
          mainiacjoe_overflow_tiny_flanked, grunt_decor_one_mirror,
          uniq_sigmund, uniq_crazy_yiuf_cottage, uniq_grinder
D:4:      layout_basic, st_stairs_2, corner_web_ring
D:5:      layout_basic, mainiacjoe_overflow_24_doors,
          minmay_temple_entry_antechambers, gammafunk_ghost_split,
          nrook_mini_backslash, minmay_fractal_squares_gapless_5
D:6:      layout_basic, uniq_edmund
D:7:      layout_loops_ring, lemuel_crystal_altar, serial_shops,
          nicolae_shop_advertising_works [nicolae_subvault_shop_adworks]
D:8:      layout_basic, serial_shops, shop, kennysheep_small_circle, uniq_harold
D:9:      layout_loops_corners, mainiacjoe_overflow_alcove_1, enter_bailey_4,
          grunt_decor_junction, grunt_ministairs_6, uniq_prince_ribbit1,
          uniq_grum
Bailey:   bailey_polearm_vampire_castle_hellmonk, bailey

Skill      XL: |  1  2  3  4  5  6  7  8  9 10 |
---------------+-------------------------------+-----
Dodging        | 3 4 5 6 |  6.9
Throwing       | 2 3 |  3.8
Axes           | 3 |  3.8
Armour         | 1 2 3 4 |  4.4
Short Blades   | 2 3 4 5 |  5.7
Stealth        | 1 2 3 |  3.2
Shields        | 1 |  1.7
Fighting       | 3 4 |  4.9
Staves         | 1 2 |  2.5
Ice Magic      | 2 3 4 |  4.2
Maces & Flails | 3 4 |  4.8
Spellcasting   | 2 3 4 |  4.4
Hexes          | 2 3 |  3.4
Conjurations   | 1 |  1.0
Air Magic      | |  0.8

Action                   |  1- 3 |  4- 6 |  7- 9 | 10-12 || total
-------------------------+-------+-------+-------+-------++-------
Melee: War axe           |    83 |    18 |       |       ||   101
       Touch             |     1 |       |    82 |    84 ||   167
       Dagger            |       |    86 |   170 |   351 ||   607
       Quarterstaff      |       |       |    89 |       ||    89
       Mace              |       |       |   194 |       ||   194
       Punch             |       |       |     5 |     6 ||    11
Throw: Throwing net      |     7 |       |     2 |       ||     9
       Stone             |       |     9 |       |       ||     9
       Dart              |       |    11 |    33 |     8 ||    52
       Boomerang         |       |       |       |    10 ||    10
 Cast: Ensorcelled Hiber |       |       |    15 |    11 ||    26
       Freeze            |       |       |     9 |    27 ||    36
       Static Discharge  |       |       |       |    32 ||    32
       Blink             |       |       |       |     1 ||     1
Evoke: Wand              |       |       |       |     1 ||     1
  Use: Scroll            |     2 |     3 |     5 |     6 ||    16
       Potion            |     2 |     1 |     3 |     5 ||    11
 Stab: Held in net/web   |     1 |       |       |       ||     1
       Sleeping          |       |     2 |     2 |     5 ||     9
Armor: Leather armour    |    31 |    34 |   331 |    88 ||   484
       Steam dragon scal |       |       |       |   151 ||   151
       Skin              |       |       |       |     6 ||     6
Dodge: Dodged            |    62 |    62 |   337 |   374 ||   835
Block: Buckler           |     8 |    17 |    18 |       ||    43
